 Dungeon Crawl Stone Soup version 0.28-a0-1143-gcf6077d4cc (webtiles) character file.

Game seed: 1967931368480013777

924 leviel the Cleaver (level 8, 0/68 HPs)
             Began as a Hill Orc Fighter on Dec 13, 2021.
             Was an Initiate of the Shining One.
             Slain by a gnoll sergeant (3 damage)
             ... summoned by a shadow demon
             ... created by the darkness of Dithmenos
             ... on level 5 of the Dungeon.
             The game lasted 00:06:48 (5376 turns).

leviel the Cleaver (Hill Orc Fighter)               Turns: 5376, Time: 00:06:49

Health: 0/68       AC:  9    Str: 21    XL:     8   Next: 10%
Magic:  8/8        EV: 10    Int:  8    God:    the Shining One [......]
Gold:   238        SH:  4    Dex: 10    Spells: 7/7 levels left

rFire   . . .      SeeInvis .   z - +2 war axe (vorpal)
rCold   . . .      Faith    .   c - +0 buckler
rNeg    . . .      Spirit   .   b - +0 scale mail
rPois   .          Reflect  .   q - +1 helmet
rElec   +          Harm     .   r - scarf {shadows}
rCorr   .          Rampage  .   (no gloves)
Will    .....                   (no boots)
Stlth   ..........              (no amulet)
HPRegen 0.21/turn               p - ring of flight
MPRegen 0.11/turn               (no ring)

@: flying, glowing
A: sense surroundings 1, electricity resistance
a: Renounce Religion


You were on level 5 of the Dungeon.
You worshipped the Shining One.
The Shining One was noncommittal.
You visited 2 branches of the dungeon, and saw 7 of its levels.

You collected 238 gold pieces.

Inventory:

Hand Weapons
 a - a +0 war axe
 z - a +2 vorpal war axe (weapon)
Missiles
 t - 7 poisoned darts (quivered)
 w - 6 atropa-tipped darts
Armour
 b - a +0 scale mail (worn)
 c - a +0 buckler (worn)
 q - a +1 helmet (worn)
 r - a scarf of shadows (worn)
Jewellery
 k - a ring of ice {rC+ rF-}
 p - a ring of flight (left hand)
Wands
 s - a wand of flame (57)
Scrolls
 d - a scroll of silence {unknown}
 g - a scroll of magic mapping {unknown}
 h - 2 scrolls of brand weapon {unknown}
 i - 3 scrolls of fog {unknown}
 j - 2 scrolls of amnesia {unknown}
 l - 2 scrolls of summoning {unknown}
 m - a scroll of acquirement {unknown}
 n - a scroll of immolation {unknown}
 o - 5 scrolls of identify {unknown}
 u - a scroll of enchant weapon {unknown}
 v - a scroll of torment {unknown}
 x - a scroll of blinking {unknown}
 y - 3 scrolls of teleportation {unknown}
Potions
 e - a potion of attraction {unknown}
 f - a potion of curing


   Skills:
 + Level 5.3 Fighting
 + Level 8.5 Axes
 + Level 5.8 Armour
 + Level 1.5 Dodging
 + Level 0.1 Stealth
 + Level 4.3 Shields


You had 7 spell levels left.
You didn't know any spells.
Your spell library contained the following spells:

 Spells                   Type           Power      Damage    Failure   Level
 Sublimation of Blood     Necr           0%         N/A       86%         2
 Petrify                  Tmut/Erth      0%         N/A       100%        4
 Irradiate                Conj/Tmut      0%         3d13      100%        5
 Malign Gateway           Summ/Tloc      0%         N/A       100%        7
 Summon Horrible Things   Summ           0%         N/A       100%        8


Dungeon Overview and Level Annotations

Branches:
Dungeon (6/15)             Temple (1/1) D:5

Altars:
Ashenzari
Cheibriados
Dithmenos
Elyvilon
Fedhas
Gozag
Hepliaklqana
Kikubaaqudgha
Makhleb
Nemelex Xobeh
Okawaru
Qazlal
Ru
Sif Muna
Trog
Uskayaw
Vehumet
Wu Jian
Xom
Yredelemnul
Zin
The Shining One


Innate Abilities, Weirdness & Mutations

You passively map a small area around you.
You are resistant to electric shocks. (rElec)


Message History

The shadow demon barely misses you.
You slash the shadow demon!
The shadow demon is heavily wounded.
The shadow demon hits you!
* * * LOW HITPOINT WARNING * * *
You slash the shadow demon!
The shadow demon is severely wounded.
The shadow demon hits you.
* * * LOW HITPOINT WARNING * * *
You slash the shadow demon!
The shadow demon is almost dead.
The shadow demon gestures.
The shadow demon hits you but does no damage.
You barely miss the shadow demon.
The shadow demon is almost dead.
You barely miss the iguana. You block the shadow demon's attack.
The iguana barely misses you.
You slash the shadow demon!
You kill the shadow demon!
That felt strangely unrewarding.
The adder dissolves into shadows!
The quokka dissolves into shadows!
The scorpion zombie dissolves into shadows!
The iguana dissolves into shadows!
You feel better. You block the gnoll sergeant's attack. The shadow hits you.
You slash the shadow!
The shadow is severely damaged.
The gnoll sergeant hits you from afar with a +2 vorpal trident.
* * * LOW HITPOINT WARNING * * *
x2 The shadow slips into darkness.
The shadow flickers and vanishes for a moment.
You barely miss the shadow.
The shadow is severely damaged.
The gnoll sergeant barely misses you. The shadow hits you.
* * * LOW HITPOINT WARNING * * *
You slash the shadow!
You destroy the shadow!
That felt strangely unrewarding.
The gnoll sergeant hits you from afar with a +2 vorpal trident!
* * * LOW HITPOINT WARNING * * *
You die...

##..# ##.......## ##.##)###
##...####...>.....####........
#.......'.........+...........
##...####.........####...#.##.
#..## ##...ggg.## ##.##.##.
#.## ##.g{{l## #.##.##. #>#
##Y2g## #.##.##. #.# ##'## ###
#.##.##. #.# #@# ##.##
#....... #.#
#.###.#.######.###
#.##########.##.###..........
#.#...............##.##...##.
#.#.##.##.....).#.#..##...##.
#.#.##.##.#...##...#.........
#.#.##.##.##.####.##....>....
#.(....##.##.# #............
###.#####.##.# ###..##...##.


You could see a shadow demon, an ice beast (summoned), a gnoll sergeant
(summoned), an iguana (summoned) and 4 gnolls.

Vanquished Creatures
  A shadow demon (D:5)
  A shadow (D:5)
  Menkaure (D:6)
  2 necrophages
  An ogre (D:5)
  A centaur (D:4)
  A bullfrog (D:4)
  A bullfrog zombie (D:5)
  2 orc priests
  A hound (D:5)
  A bullfrog skeleton (D:5)
  2 iguanas
  Ijyb (D:4)
  An orc wizard (D:5)
  4 adders
  A shadow imp (D:5)
  3 worms
  6 dart slugs
  10 orcs
  8 bats
  7 endoplasms
  5 giant cockroaches
  9 goblins
  4 hobgoblins
  10 jackals
  2 quokkas
  7 ball pythons
  2 frilled lizards
  8 kobolds
  4 rats
107 creatures vanquished.

Notes
Turn   | Place    | Note
-------+----------+-------------------------------------------
     0 | D:1      | leviel the Hill Orc Fighter began the quest for the Orb.
     0 | D:1      | Reached XP level 1. HP: 19/19 MP: 1/1
    98 | D:1      | Reached XP level 2. HP: 27/27 MP: 2/2
   104 | D:1      | Reached skill level 3 in Axes
   356 | D:1      | Reached XP level 3. HP: 33/33 MP: 3/3
   598 | D:1      | Found a faded altar of an unknown god.
   681 | D:1      | Prayed at the altar of an unknown god.
   681 | D:1      | Became a worshipper of Dithmenos the Shadowed
   681 | D:1      | Reached * piety under Dithmenos
  1024 | D:2      | Reached skill level 4 in Axes
  1024 | D:2      | Reached XP level 4. HP: 40/40 MP: 4/4
  1598 | D:3      | Reached ** piety under Dithmenos
  2258 | D:4      | Noticed a bullfrog
  2270 | D:4      | Killed a bullfrog
  2271 | D:4      | Reached skill level 5 in Axes
  2271 | D:4      | Reached XP level 5. HP: 47/47 MP: 5/5
  2412 | D:4      | Noticed a centaur
  2413 | D:4      | Noticed a necrophage
  2425 | D:4      | Killed a necrophage
  2426 | D:4      | Reached XP level 6. HP: 29/53 MP: 6/6
  2431 | D:4      | Reached skill level 6 in Axes
  2431 | D:4      | Reached skill level 1 in Dodging
  2720 | D:4      | Found a hazy altar of Hepliaklqana.
  2720 | D:4      | Found a glowing silver altar of Zin.
  2721 | D:4      | Found an iron altar of Okawaru.
  2727 | D:4      | Found a shimmering altar of Xom.
  2727 | D:4      | Found an opulent altar of Gozag.
  2751 | D:4      | Found a radiant altar of Vehumet.
  2881 | D:4      | Noticed Ijyb
  2896 | D:4      | Killed Ijyb
  2897 | D:4      | Reached skill level 5 in Fighting
  3018 | D:4      | Found a sacrificial altar of Ru.
  3719 | D:4      | Reached XP level 7. HP: 32/61 MP: 7/7
  3968 | D:5      | Entered Level 5 of the Dungeon
  4014 | D:5      | Reached skill level 5 in Armour
  4114 | D:5      | Reached skill level 7 in Axes
  4127 | D:5      | Gained mutation: You are resistant to electric shocks.
                  | (rElec) [potion of mutation]
  4127 | D:5      | Gained mutation: Your spells are a little easier to cast,
                  | but a little less powerful. [potion of mutation]
  4127 | D:5      | Gained mutation: You passively map a small area around you.
                  | [potion of mutation]
  4127 | D:5      | Lost mutation: Your spells are a little easier to cast, but
                  | a little less powerful. [potion of mutation]
  4144 | D:5      | Found a staircase to the Ecumenical Temple.
  4494 | Temple   | Entered the Ecumenical Temple
  4599 | Temple   | Fell from the grace of Dithmenos
  4599 | Temple   | Became a worshipper of the Shining One
  4919 | D:5      | Identified the +6 mace "Plog" {freeze, Int+3 Dex+2}
  5140 | D:6      | Reached skill level 8 in Axes
  5209 | D:6      | Noticed Menkaure
  5214 | D:6      | Killed Menkaure
  5215 | D:6      | Reached XP level 8. HP: 13/68 MP: 8/8
  5352 | D:5      | Noticed a shadow demon
  5352 | D:5      | Noticed a shadow
  5352 | D:5      | Noticed a shadow demon
  5352 | D:5      | Noticed a shadow
  5352 | D:5      | Noticed a shadow
  5372 | D:5      | Killed a shadow demon
  5376 | D:5      | Killed a shadow
  5376 | D:5      | HP: 3/68 [gnoll sergeant[the darkness of Dithmenos] (10)]
  5376 | D:5      | Slain by a gnoll sergeant

Illustrated notes

Levels and vault maps discovered:
D:1:      mushboom_english_gardens, layout_loops_ring,
          ebering_ecumenical_altar_petrified, chequers_serial_rivers_micro_e,
          chequers_arboretum
D:2:      layout_basic
D:3:      layout_loops_ring, hex_tiny
D:4:      layout_loops_ring, nicolae_ru_the_path_less_chosen,
          minmay_overflow_temple_hex, uniq_ijyb
D:5:      layout_loops_corners, minmay_temple_entry_stoned_glass
D:6:      layout_layer_cave, wad_floor_pattern_untrapped, chequers_avenue,
          nrook_loot_triangle, uniq_menkaure
Temple:   regret_index_temple_waves

Skill      XL: |  1  2  3  4  5  6  7 |
---------------+----------------------+-----
Axes           | 3 4 5 6 8 |  8.5
Fighting       | 4 5 |  5.3
Armour         | 4 5 |  5.8
Shields        | 4 |  4.3
Dodging        | 1 |  1.5
Stealth        | |  0.1

Action                   |  1- 3 |  4- 6 |  7- 9 || total
-------------------------+-------+-------+-------++-------
Melee: War axe           |   109 |   178 |    98 ||   385
Evoke: Wand              |       |     1 |       ||     1
  Use: Potion            |       |     5 |     4 ||     9
Armor: Scale mail        |    65 |    75 |    33 ||   173
       Skin              |       |    14 |       ||    14
Dodge: Dodged            |    71 |    86 |    42 ||   199
Block: Buckler           |    28 |    39 |    16 ||    83

Table legend: (Time is in decaauts)
 A = Elapsed time spent in this place.
 B = Non-inter-level travel time spent in this place.
 C = Inter-level travel time spent in this place.
 D = Time resting spent in this place.
 E = Time spent auto-exploring this place.
 F = Levels seen in this place.
 G = Mean time per level.
                   A        B        C        D        E       F      G
               +--------+--------+--------+--------+--------+-----+--------+
         Total |   5469 |   5132 |    337 |    674 |   3535 |   7 |  781.3 |
       Dungeon |   5338 |   5031 |    307 |    674 |   3448 |   6 |  889.7 |
        Temple |    131 |    101 |     30 |      0 |     87 |   1 |  131.0 |
               +--------+--------+--------+--------+--------+-----+--------+

Top non-repeatable levels by time:
     D:4: 1727 daAuts
     D:5: 1201 daAuts
     D:3: 882 daAuts
     D:1: 779 daAuts
     D:2: 661 daAuts
  Temple: 131 daAuts
     D:6: 86 daAuts
